 Dungeon Crawl Stone Soup version 0.29.0-5-ge4962eb29e (webtiles) character file.

Game seed: 9138216945595393

79 greasedhog the Trooper (level 4, -6/41 HPs)
             Began as a Gnoll Wanderer on Aug 28, 2022.
             Splashed by a jelly's acid (9 damage)
             ... on level 3 of the Dungeon.
             The game lasted 00:03:04 (2736 turns).

greasedhog the Trooper (Gnoll Wanderer)             Turns: 2736, Time: 00:03:05

Health: -6/41      AC:  0    Str: 11    XL:     4   Next: 37%
Magic:  8/8        EV: 11    Int:  9    God:
Gold:   112        SH:  4    Dex: 16    Spells: 5/9 levels left

rFire   . . .      SeeInvis .   w - +1 rapier (venom)
rCold   . . .      Faith    .   h - +0 buckler
rNeg    . . .      Spirit   .   c - +0 leather armour
rPois   .          Reflect  .   (no helmet)
rElec   .          Harm     .   o - +0 cloak
rCorr   .          Rampage  .   (no gloves)
Will    .....                   (no boots)
Stlth   ++........              f - amulet of magic regeneration
HPRegen 0.13/turn               (no ring)
MPRegen 0.51/turn               (no ring)

@: corroded
A: fangs 1, strong nose, distributed training
a: no special abilities


You were on level 3 of the Dungeon.
You visited 1 branch of the dungeon, and saw 3 of its levels.

You collected 112 gold pieces.

Inventory:

Hand Weapons
 a - a +0 dagger
 w - a +1 rapier of venom (weapon)
Armour
 c - a +0 leather armour (worn)
 h - a +0 buckler (worn)
 o - a +0 cloak (worn)
Jewellery
 f - an amulet of magic regeneration (around neck)
 k - a ring of ice
Scrolls
 b - 2 scrolls of fog
 e - 3 scrolls of magic mapping
 i - a scroll of immolation
 j - a scroll of noise {unknown}
 l - a scroll of poison
 m - a scroll of amnesia
 n - 2 scrolls of teleportation
 p - 2 scrolls of enchant armour
 r - a scroll of vulnerability {unknown}
Potions
 d - a potion of lignification
 g - a potion of cancellation {unknown}
 q - 2 potions of curing {unknown}
 s - a potion of attraction {unknown}
 t - a potion of might {unknown}
 u - a potion of degeneration {unknown}
 v - a potion of flight {unknown}


   Skills:
 + Level 6.6 Fighting
 + Level 1.2 Short Blades
 + Level 1.2 Long Blades
 + Level 1.2 Axes
 + Level 1.2 Maces & Flails
 + Level 1.2 Polearms
 + Level 1.2 Staves
 + Level 1.2 Ranged Weapons
 + Level 2.8 Throwing
 + Level 1.2 Armour
 + Level 1.2 Dodging
 + Level 1.2 Stealth
 + Level 1.2 Shields
 + Level 4.6 Unarmed Combat
 + Level 3.0 Spellcasting
 + Level 1.0 Conjurations
 + Level 1.0 Hexes
 + Level 1.0 Summonings
 + Level 1.0 Necromancy
 + Level 1.0 Translocations
 + Level 1.0 Transmutations
 + Level 5.5 Fire Magic
 + Level 1.0 Ice Magic
 + Level 1.0 Air Magic
 + Level 1.0 Earth Magic
 + Level 1.0 Poison Magic
 + Level 1.3 Invocations
 + Level 1.2 Evocations


You had 5 spell levels left.
You knew the following spells:

 Your Spells              Type           Power      Damage    Failure   Level
a - Foxfire               Conj/Fire      28%        2x1d5     14%         1
b - Ignite Poison         Fire/Tmut/Pois 5%         N/A       50%         3

Your spell library contained the following spells:

 Spells                   Type           Power      Damage    Failure   Level
 Magic Dart               Conj           12%        1d3       34%         1
 Call Imp                 Summ           3%         N/A       47%         2
 Dazzling Flash           Conj/Hex       6%         N/A       71%         3
 Mephitic Cloud           Conj/Pois/Air  3%         N/A       71%         3
 Flame Wave               Conj/Fire      7%         2d5       80%         4
 Agony                    Necr           3%         N/A       100%        5
 Silence                  Hex/Air        1%         N/A       100%        5


Dungeon Overview and Level Annotations

Branches:
Dungeon (3/15)

Altars:


Innate Abilities, Weirdness & Mutations

You have very sharp teeth.
Your uncanny sense of smell can sniff out nearby items.
Your experience applies equally to all skills.


Message History

Your Summonings skill increases to level 1!
Your Necromancy skill increases to level 1!
Your Translocations skill increases to level 1!
Your Transmutations skill increases to level 1!
Your Ice Magic skill increases to level 1!
Your Air Magic skill increases to level 1!
Your Earth Magic skill increases to level 1!
Your Poison Magic skill increases to level 1!
You see here a +0 dagger.
Cast which spell? (? or * to list)
Okay, then.
Found a dagger.
A jelly comes into view.
A jelly is nearby!
Found a glowing rapier.
The jelly quivers.
The jelly hits you.
You are splashed with acid!
You see here a +1 rapier of venom.
w - a +1 rapier of venom The jelly barely misses you.
Your +1 rapier of venom begins to drip with poison!
w - a +1 rapier of venom (weapon)
You hit the jelly.
Your hands burn!
The jelly is moderately wounded.
The jelly barely misses you.
You puncture the jelly!
Your hands burn!
The jelly is severely wounded.
The jelly hits you.
You are splashed with acid!
You hit the jelly. The acid corrodes you!
Your hands burn!
* * * LOW HITPOINT WARNING * * *
You bite the jelly, but do no damage.
The jelly is almost dead.
You block the jelly's attack.
You hit the jelly but do no damage.
Your hands burn!
* * * LOW HITPOINT WARNING * * *
The jelly is almost dead.
The jelly hits you.
* * * LOW HITPOINT WARNING * * *
You are splashed with acid!
You die...

#......#.......
#.####.#.......
##..###.#....... ##
................ ..
#.......#....... .#
#.#####.#....... .#
#.#....... .#
#.#########.####..
#..)......@.......
#.#####..#####.J#####..#
#........#####..#
#.#####.....##..#
#.#.##.##..##.#
#.##.##........# #.#
#..............# ...
################ .##


You could see a jelly.

Vanquished Creatures
  2 adders (D:2)
  A worm (D:2)
  A dart slug (D:2)
  An orc (D:3)
  5 endoplasms
  5 giant cockroaches
  3 goblins (D:2)
  6 hobgoblins
  6 kobolds
  2 quokkas
  3 ball pythons
  5 bats
  6 frilled lizards
  3 rats
  A spectral kobold (D:2)
50 creatures vanquished.

Vanquished Creatures (others)
  6 plants (D:2)
6 creatures vanquished.

Grand Total: 56 creatures vanquished

Notes
Turn   | Place    | Note
-------+----------+-------------------------------------------
     0 | D:1      | greasedhog the Gnoll Wanderer began the quest for the Orb.
     0 | D:1      | greasedhog set off with the following items: a +0 dagger, 2
                  | scrolls of fog, a +0 leather armour, a potion of
                  | lignification; and the following spell memorised: Foxfire;
                  | and the following spells available to memorise: Ignite
                  | Poison, Flame Wave.
     0 | D:1      | Reached XP level 1. HP: 23/23 MP: 4/4
   443 | D:1      | Reached XP level 2. HP: 29/29 MP: 5/5
  1165 | D:1      | You fall into a shaft and drop 1 floor!
  1277 | D:2      | Reached XP level 3. HP: 35/35 MP: 7/7
  1668 | D:2      | Reached skill level 1 in Invocations
  1838 | D:2      | Reached skill level 1 in Short Blades
  1838 | D:2      | Reached skill level 1 in Long Blades
  1838 | D:2      | Reached skill level 1 in Axes
  1838 | D:2      | Reached skill level 1 in Maces & Flails
  1838 | D:2      | Reached skill level 1 in Polearms
  1838 | D:2      | Reached skill level 1 in Staves
  1838 | D:2      | Reached skill level 1 in Ranged Weapons
  1838 | D:2      | Reached skill level 1 in Armour
  1838 | D:2      | Reached skill level 1 in Dodging
  1838 | D:2      | Reached skill level 1 in Stealth
  1838 | D:2      | Reached skill level 1 in Shields
  1838 | D:2      | Reached skill level 1 in Evocations
  1868 | D:2      | Reached XP level 4. HP: 35/41 MP: 8/8
  1954 | D:2      | Learned a level 3 spell: Ignite Poison
  2359 | D:2      | Found a faded altar of an unknown god.
  2701 | D:3      | Reached skill level 1 in Conjurations
  2701 | D:3      | Reached skill level 1 in Hexes
  2701 | D:3      | Reached skill level 1 in Summonings
  2701 | D:3      | Reached skill level 1 in Necromancy
  2701 | D:3      | Reached skill level 1 in Translocations
  2701 | D:3      | Reached skill level 1 in Transmutations
  2701 | D:3      | Reached skill level 1 in Ice Magic
  2701 | D:3      | Reached skill level 1 in Air Magic
  2701 | D:3      | Reached skill level 1 in Earth Magic
  2701 | D:3      | Reached skill level 1 in Poison Magic
  2736 | D:3      | Splashed by a jelly's acid

Illustrated notes

Levels and vault maps discovered:
D:1:      amcnicky_arrival_choice, layout_loops_ring, chequers_garden,
          minmay_surrounded
D:2:      minmay_inner_zag, layout_basic,
          dreamdust_ecumenical_altar_drowned_temple, serial_bayou_crossing
D:3:      layout_loops_cross

Skill      XL: |  1  2  3  4 |
---------------+-------------+-----
Invocations    | 1 |  1.3
Short Blades   | 1 |  1.2
Long Blades    | 1 |  1.2
Axes           | 1 |  1.2
Maces & Flails | 1 |  1.2
Polearms       | 1 |  1.2
Staves         | 1 |  1.2
Ranged Weapons | 1 |  1.2
Armour         | 1 |  1.2
Dodging        | 1 |  1.2
Stealth        | 1 |  1.2
Shields        | 1 |  1.2
Evocations     | 1 |  1.2
Spellcasting   | 3 |  3.0
Conjurations   | 1 |  1.0
Hexes          | 1 |  1.0
Summonings     | 1 |  1.0
Necromancy     | 1 |  1.0
Translocations | 1 |  1.0
Transmutations | 1 |  1.0
Ice Magic      | 1 |  1.0
Air Magic      | 1 |  1.0
Earth Magic    | 1 |  1.0
Poison Magic   | 1 |  1.0
Fighting       | |  6.6
Throwing       | |  2.8
Unarmed Combat | |  4.6
Fire Magic     | |  5.5

Action                   |  1- 3 |  4- 6 || total
-------------------------+-------+-------++-------
Melee: Dagger            |   161 |    72 ||   233
       Bite              |    17 |     6 ||    23
       Rapier            |       |     4 ||     4
  Use: Scroll            |     6 |     1 ||     7
 Stab: Sleeping          |     1 |       ||     1
Armor: Leather armour    |    40 |    19 ||    59
Dodge: Dodged            |    92 |    40 ||   132
Block: Buckler           |    25 |    12 ||    37
